 Dungeon Crawl Stone Soup version 0.31-a0-233-g139696dc86 (webtiles) character file.

Game seed: 7497587819172595768

109 qw the Shooter (level 4, 0/37 HPs)
             Began as a Minotaur Hexslinger on July 7, 2023.
             Hit by a goblin thrown by Robin (2 damage)
             ... on level 3 of the Dungeon.
             The game lasted 00:00:47 (2196 turns).

qw the Shooter (Minotaur Hexslinger)                Turns: 2196, Time: 00:00:47

Health: 0/37       AC:  2    Str: 12    XL:     4   Next: 60%
Magic:  4/4        EV: 12    Int: 10    God:
Gold:   171        SH:  0    Dex: 15    Spells: 4/5 levels left

rFire   + . .        Y - +1 sling
rCold   + . .        (no shield)
rNeg    . . .        c - +0 robe
rPois   .            (helmet restricted)
rElec   +            d - scarf {rC+ rF+}
rCorr   +            (no gloves)
SInv    .            (no boots)
Will    .....        (no amulet)
Stlth   +            e - ring "Zuamopumy" {Wiz rElec rCorr}
HPRegen 0.26/turn    (no ring)
MPRegen 0.09/turn

%: wizardry (x1)
@: no status effects
A: horns 2, retaliatory headbutt
a: no special abilities


You were on level 3 of the Dungeon.
You visited 1 branch of the dungeon, and saw 3 of its levels.

You collected 171 gold pieces.


Innate Abilities, Weirdness & Mutations

You have a pair of horns on your head.
You reflexively headbutt those who attack you in melee.


   Skills:
 + Level 2.4 Fighting
 - Level 5.0 Ranged Weapons
 - Level 2.1 Dodging
 - Level 1.0 Spellcasting
 - Level 2.0 Hexes


You had 4 spell levels left.
You knew the following spells:

 Your Spells              Type           Power      Damage    Failure   Level
a - Slow                  Hex            16%        N/A       6%          1

Your spell library contained the following spells:

 Spells                   Type           Power      Damage    Failure   Level
 Inner Flame              Hex/Fire       2%         N/A       26%         3
 Portal Projectile        Hex/Tloc       4%         N/A       26%         3
 Cause Fear               Hex            2%         N/A       50%         4

Inventory:

Hand Weapons
 Y - a +1 sling (weapon)
Armour
 a - the scarf of a Labyrinth {harm, Contam rC+ Str+3 Slay+3}
   (You acquired it on level 1 of the Dungeon)

   Str:       It affects your strength (+3).
   Slay:      It affects your accuracy & damage with ranged weapons and melee
   (+3).
   rC:        It protects you from cold.
   Contam:    It causes magical contamination when unequipped.
 b - the +3 leather armour "Wairiura" {Int+5}
   (You found it on level 3 of the Dungeon)

   Int:       It affects your intelligence (+5).
 c - a +0 robe (worn)
 d - a scarf of resistance (worn)
Jewellery
 e - the ring "Zuamopumy" (left hand) {Wiz rElec rCorr}
   (You acquired it on level 2 of the Dungeon)

   [ring of wizardry]

   It improves your spell success rate.
   rElec:     It insulates you from electricity.
   rCorr:     It protects you from acid and corrosion.
Potions
 f - a potion of cancellation {unknown}
 g - a potion of magic {unknown}
 h - a potion of heal wounds {unknown}

Dungeon Overview and Level Annotations

Branches:
Dungeon (3/15)

Altars:

Annotations:
D:3 Robin


Message History

The goblin is moderately wounded.
The hobgoblin hits you. The goblin hits you with a +0 club.
You shoot a sling bullet.
The sling bullet barely misses the goblin.
The goblin hits you with a +0 club.
Robin roars a battlecry!
The goblins go into a battle-frenzy!
The hobgoblin hits you but does no damage.
You shoot a sling bullet.
The sling bullet closely misses the goblin.
The goblin barely misses you. The goblin hits you with a +0 dagger.
The goblin hits you with a +0 club. The hobgoblin closely misses you.
You shoot a sling bullet.
The sling bullet barely misses the goblin.
Robin throws the goblin at you! The goblin hits you with a +0 dagger.
The goblin hits you with a +0 club. The hobgoblin closely misses you.
The goblin hits you but does no damage. x2
You shoot a sling bullet. The sling bullet hits the goblin.
The goblin is severely wounded.
The goblin barely misses you. The rat barely misses you.
The goblin completely misses you. The hobgoblin barely misses you.
The goblin hits you with a +0 club.
The goblin hits you with a +0 dagger. x2
The hobgoblin misses you. You furiously retaliate!
You headbutt the hobgoblin!
You kill the hobgoblin!
The goblin barely misses you. The goblin misses you. The rat bites you.
The goblin barely misses you.
You shoot a sling bullet.
The sling bullet barely misses the goblin.
The goblin closely misses you. The rat barely misses you.
The goblin misses you. The goblin barely misses you. The goblin misses you.
You furiously retaliate!
You headbutt the goblin!
You kill the goblin!
The goblin barely misses you.
You shoot a sling bullet.
The sling bullet hits Robin but does no damage.
The rat barely misses you. You furiously retaliate!
You headbutt the rat, but do no damage. The goblin misses you.
The goblin hits you with a +0 dagger. The goblin hits you but does no damage.
Robin throws the goblin at you!
You die...

.. . . . .. #.#####
...#.#...######.
.....%..........
.....>.gg...#
##.$g@g.#.############
#...r)g.#..)..........
................#######.
###.......#.###.### #.
##......#.......# #.
..$##.###.###.#.#####.
#### #.# #.# #.........
#.. ..# #...#####< #.
#### #...# #.


You could see Robin, 4 goblins and a rat.

Vanquished Creatures
  3 adders (D:2)
  A worm (D:2)
  A dart slug (D:3)
  A ball python (D:1)
  3 endoplasms (D:2)
  7 giant cockroaches
  12 hobgoblins
  4 jackals (D:1)
  4 quokkas
  4 bats
  3 frilled lizards
  14 goblins
  5 kobolds
  3 rats
65 creatures vanquished.

Notes
Turn   | Place    | Note
-------+----------+-------------------------------------------
     0 | D:1      | qw the Minotaur Hexslinger began the quest for the Orb.
     0 | D:1      | Reached XP level 1. HP: 16/16 MP: 1/1
     0 | D:1      | 0 ||| qw: Version: 0.3-a-46-gb1f654a
     0 | D:1      | 0 ||| qw: Game counter: 2999
     0 | D:1      | 0 ||| qw: Melee chars always use a shield: true
     0 | D:1      | 0 ||| qw: God list: Okawaru
     0 | D:1      | 0 ||| qw: Allow faded altars: false
     0 | D:1      | 0 ||| qw: Do Orc after clearing Dungeon:15 true
     0 | D:1      | 0 ||| qw: Do second Lair branch before Depths: true
     0 | D:1      | 0 ||| qw: Lair rune preference: random
     0 | D:1      | 0 ||| qw: Goals: Normal
     0 | D:1      | 0 ||| PLANNING D:1-11
   119 | D:1      | Reached skill level 3 in Ranged Weapons
   119 | D:1      | Reached XP level 2. HP: 23/23 MP: 2/2
   862 | D:1      | 862 ||| READING scroll labelled ZUHIUQ TAUCVE.
   863 | D:1      | 863 ||| READING scroll labelled LOTUIRR UP MOE.
   863 | D:1      | Identified a scroll of acquirement
   863 | D:1      | 863 ||| ACQUIRING scarf of a Labyrinth {harm, Contam rC+
                  | Str+3 Slay+3}
   863 | D:1      | Acquired the scarf of a Labyrinth {harm, Contam rC+ Str+3
                  | Slay+3}
   865 | D:1      | 865 ||| DROPPING scroll of poison.
   960 | D:2      | Reached XP level 3. HP: 29/29 MP: 3/3
  1006 | D:2      | 1006 ||| READING scroll of acquirement.
  1006 | D:2      | 1006 ||| ACQUIRING ring "Zuamopumy" {Wiz rElec rCorr}
  1006 | D:2      | Acquired the ring "Zuamopumy" {Wiz rElec rCorr}
  1008 | D:2      | 1008 ||| UPGRADING to ring "Zuamopumy" {Wiz rElec rCorr}.
  1207 | D:2      | Reached skill level 4 in Ranged Weapons
  1388 | D:2      | HP: 6/29 [adder (2)]
  1507 | D:2      | Reached XP level 4. HP: 36/36 MP: 4/4
  1821 | D:2      | Reached skill level 5 in Ranged Weapons
  1887 | D:2      | 1887 ||| UPGRADING to scarf of resistance.
  1892 | D:2      | 1892 ||| READING scroll labelled UGYNUO PIHOIM.
  1993 | D:2      | 1993 ||| READING scroll labelled ZYVAIG BUSMU.
  2075 | D:3      | Identified the +3 leather armour "Wairiura" {Int+5}
  2187 | D:3      | Noticed Robin
  2194 | D:3      | HP: 9/37 [goblin/+0 dagger[Robin] (3)]
  2196 | D:3      | HP: 2/37 [goblin/+0 dagger[Robin] (6)]
  2196 | D:3      | Hit by a goblin thrown by Robin

Levels and vault maps discovered:
D:1:      wander_arrival_peaceful_grave, layout_basic, st_stairs_1
D:2:      cheibrodos_greedy_goblins, layout_loops_ring
D:3:      layout_loops_ring, hangedman_glass_teeth, minmay_liquid_box,
          chequers_serial_rivers_micro_b, uniq_robin

Skill      XL: |  1  2  3  4 |
---------------+-------------+-----
Ranged Weapons | 3 4 5 |  5.0
Fighting       | 2 |  2.4
Dodging        | |  2.1
Spellcasting   | |  1.0
Hexes          | |  2.0

Action                     |  1- 3 |  4- 6 || total
---------------------------+-------+-------++-------
   Fire: Sling             |   147 |    60 ||   207
    Use: Scroll            |     3 |     2 ||     5
 Armour: Robe              |    15 |     8 ||    23
  Dodge: Dodged            |    47 |    36 ||    83

Table legend:
 A = Non-vault XP
 B = Vault XP
 C = Vault XP percentage of total XP
 D = Non-vault monster count
 E = Vault monster count
 F = Vault count percentage of total count
                 A         B        C        D         E       F
            +---------+---------+-------+---------+---------+-------
      Total |     118 |      39 |  24.8 |      44 |      21 |  32.3
            +---------+---------+-------+---------+---------+-------
        D:1 |      31 |       5 |  13.9 |      19 |       3 |  13.6
        D:2 |      80 |      23 |  22.3 |      22 |      12 |  35.3
        D:3 |       7 |      11 |  61.1 |       3 |       6 |  66.7
            +---------+---------+-------+---------+---------+-------
